 Dungeon Crawl Stone Soup version 0.30-a0-459-g9104f0fc43 (webtiles) character file.

Game seed: 9758065929643476371

177 HoaS the Skirmisher (level 5, -5/30 HPs)
             Began as a Kobold Hunter on Dec 15, 2022.
             Was an Initiate of Okawaru.
             Succumbed to a water moccasin's poison
             ... on level 5 of the Dungeon.
             The game lasted 00:05:06 (3470 turns).

HoaS the Skirmisher (Kobold Hunter)                 Turns: 3470, Time: 00:05:06

Health: -5/30      AC:  5    Str:  9    XL:     5   Next: 87%
Magic:  5/5        EV: 14    Int: 10    God:    Okawaru [......]
Gold:   247        SH:  0    Dex: 20    Spells: 4/4 levels left

rFire   + . .      SeeInvis .    a - +2 shortbow
rCold   . . .      Faith    .    (shield currently unavailable)
rNeg    . . .      Spirit   .    c - +0 leather armour
rPois   .          Reflect  .    f - +0 helmet
rElec   .          Harm     .    (no cloak)
rCorr   .          Rampage  .    g - +0 pair of gloves
Will    .....                    (no boots)
Stlth   +++.......               (no amulet)
HPRegen 0.25/turn                p - ring of protection from fire
MPRegen 0.09/turn                (no ring)

@: lethally poisoned (-5 -> -31)
A: small, no large weapons, nightstalker 3
a: Renounce Religion


You were on level 5 of the Dungeon.
You worshipped Okawaru.
Okawaru was noncommittal.
You visited 2 branches of the dungeon, and saw 6 of its levels.

You collected 247 gold pieces.

Inventory:

Hand Weapons
 a - a +2 shortbow (weapon)
Armour
 c - a +0 leather armour (worn)
 f - a +0 helmet (worn)
 g - a +0 pair of gloves (worn)
Jewellery
 p - a ring of protection from fire (left hand)
Wands
 n - a wand of flame (19)
Scrolls
 b - 2 scrolls of immolation
 e - 4 scrolls of teleportation
 o - a scroll of torment {unknown}
Potions
 d - 5 potions of curing
 h - a potion of brilliance {unknown}
 i - 3 potions of flight
 j - a potion of resistance {unknown}
 k - 2 potions of haste {unknown}
 l - a potion of cancellation {unknown}
 m - a potion of attraction {unknown}


   Skills:
 - Level 2.1 Fighting
 * Level 8.6 Ranged Weapons
 - Level 2.4 Dodging
 - Level 1.3 Stealth
 + Level 1.0 Invocations


You had 4 spell levels left.
You didn't know any spells.
Your spell library contained the following spells:

 Spells                   Type           Power      Damage    Failure   Level
 Sandblast                Erth           0%         2d4       47%         1
 Shock                    Conj/Air       0%         1d3       47%         1
 Ensorcelled Hibernation  Hex/Ice        0%         N/A       63%         2
 Passwall                 Tmut/Erth      0%         N/A       63%         2
 Frozen Ramparts          Ice            0%         1d1       85%         3
 Spider Form              Tmut/Pois      0%         N/A       85%         3
 Stone Arrow              Conj/Erth      0%         3d7       85%         3
 Swiftness                Air            0%         N/A       85%         3
 Airstrike                Air            0%         2d(0-16)  99%         4
 Anguish                  Hex/Necr       0%         N/A       99%         4
 Ice Form                 Ice/Tmut       0%         N/A       99%         4
 Summon Ice Beast         Ice/Summ       Unusable   N/A       N/A         4

Dungeon Overview and Level Annotations

Branches:
Dungeon (5/15)             Temple (1/1) D:4

Altars:
Ashenzari
Cheibriados
Elyvilon
Gozag
Hepliaklqana
Kikubaaqudgha
Makhleb
Okawaru
Sif Muna
Uskayaw
Vehumet
Wu Jian
Yredelemnul
Zin

Shops:
D:3 *

Annotations:
D:3 Sigmund
D:4 Edmund


Innate Abilities, Weirdness & Mutations

You are small and have problems with some larger weapons.
You are completely attuned to the shadows.


Message History

You shoot an arrow. The arrow hits the worm.
The worm is heavily wounded.
You shoot an arrow. The arrow barely misses the worm.
You shoot an arrow.
The arrow hits the worm but does no damage.
The worm is heavily wounded.
You shoot an arrow. The arrow hits the worm.
The worm is severely wounded.
You shoot an arrow. The arrow hits the worm.
The worm is severely wounded.
The worm bites you!
You shoot an arrow. The arrow barely misses the worm.
The worm bites you.
You shoot an arrow. The arrow hits the worm!
You kill the worm!
Okawaru accepts your kill.
No target in view!
You start resting.
HP restored.
A water moccasin comes into view.
You shoot an arrow. The arrow misses the water moccasin.
You hear an angry hiss.
A water moccasin comes into view.
You shoot an arrow. The arrow hits the water moccasin!
The water moccasin is moderately wounded.
The water moccasin closely misses you. x2; The water moccasin bites you.
As you read the scroll of teleportation, it crumbles to dust.
You feel strangely unstable. The water moccasin closely misses you.
The water moccasin bites you.
You are poisoned.
The water moccasin poisons you! The water moccasin bites you.
You are lethally poisoned!
The water moccasin poisons you!
You feel very sick. The water moccasin bites you.
You are more poisoned.
The water moccasin poisons you!
* * * LOW HITPOINT WARNING * * *
You feel extremely sick.
Your surroundings suddenly seem different.
You die...

.#####.......)))<..##
..................##
........###.#######
.....(..###.#
.....<..##..#
#.......##.#####
.###.....#.....##
..##..........##
....#..........@#
.....#..........#
....#..........#
##...#..........#
#.###.#.........#
#...##........##
#....#.......##
#.....#..#####
#.#....####


There were no monsters in sight!

Vanquished Creatures
  An orc wizard (D:5)
  4 gnolls (D:3)
  3 adders
  A shadow imp (D:5)
  3 worms
  2 dart slugs (D:1)
  4 orcs
  7 endoplasms
  A giant cockroach (D:1)
  6 goblins
  6 hobgoblins
  2 quokkas (D:1)
  A ball python (D:2)
  11 bats
  3 frilled lizards
  6 kobolds
  3 rats
64 creatures vanquished.

Vanquished Creatures (others)
  5 plants (D:5)
5 creatures vanquished.

Grand Total: 69 creatures vanquished

Notes
Turn   | Place    | Note
-------+----------+-------------------------------------------
     0 | D:1      | HoaS the Kobold Hunter began the quest for the Orb.
     0 | D:1      | Reached XP level 1. HP: 12/12 MP: 1/1
    19 | D:1      | Noticed an electric eel
    72 | D:1      | Reached XP level 2. HP: 17/17 MP: 2/2
   122 | D:1      | Reached skill level 6 in Ranged Weapons
   257 | D:1      | Reached XP level 3. HP: 21/21 MP: 3/3
  1451 | D:2      | Reached skill level 7 in Ranged Weapons
  2029 | D:3      | Reached XP level 4. HP: 26/26 MP: 4/4
  2108 | D:3      | Noticed Sigmund
  2368 | D:3      | Found Zin's Purification Station.
  2370 | D:3      | Found a glowing silver altar of Zin.
  2636 | D:3      | Reached XP level 5. HP: 25/30 MP: 5/5
  2673 | D:3      | Reached skill level 8 in Ranged Weapons
  2907 | D:4      | Noticed Edmund
  2985 | D:4      | Found a radiant altar of Vehumet.
  3068 | D:4      | Found a staircase to the Ecumenical Temple.
  3079 | Temple   | Entered the Ecumenical Temple
  3162 | Temple   | Became a worshipper of Warmaster Okawaru
  3224 | D:4      | Identified the +8 spear "Beastbane" {drain, rF+}
  3253 | D:4      | Noticed a lemure
  3264 | D:5      | Entered Level 5 of the Dungeon
  3330 | D:5      | Reached skill level 1 in Invocations
  3463 | D:5      | Noticed a water moccasin
  3465 | D:5      | Noticed a water moccasin
  3469 | D:5      | HP: 1/30 [poisoned by a water moccasin]
  3470 | D:5      | Succumbed to a water moccasin's poison

Illustrated notes

Levels and vault maps discovered:
D:1:      arrival_aquarium_a, layout_basic
D:2:      layout_basic, chequers_avenue
D:3:      layout_basic, zin_purify, uniq_sigmund
D:4:      layout_gridville, lemuel_doored_altar,
          minmay_temple_entry_glassed_door, uniq_edmund, uniq_pikel, uniq_robin,
          uniq_eustachio
D:5:      nicolae_BIG_FREAKIN_CUBE, layout_rooms, serial_bayou_lagoon_b,
          uniq_grinder
Temple:   nicolae_temple_ecumenical_triangle

Skill      XL: |  1  2  3  4  5 |
---------------+----------------+-----
Ranged Weapons | 6 7 8 |  8.6
Invocations    | 1 |  1.0
Fighting       | |  2.1
Dodging        | |  2.4
Stealth        | |  1.3

Action                   |  1- 3 |  4- 6 || total
-------------------------+-------+-------++-------
 Fire: Shortbow          |    93 |    85 ||   178
  Use: Scroll            |     6 |     2 ||     8
Armor: Leather armour    |    12 |    10 ||    22
Dodge: Dodged            |    33 |    36 ||    69

Table legend: (Time is in decaauts)
 A = Elapsed time spent in this place.
 B = Non-inter-level travel time spent in this place.
 C = Inter-level travel time spent in this place.
 D = Time resting spent in this place.
 E = Time spent auto-exploring this place.
 F = Levels seen in this place.
 G = Mean time per level.
                   A        B        C        D        E       F      G
               +--------+--------+--------+--------+--------+-----+--------+
         Total |   3505 |   3357 |    148 |    284 |   2592 |   6 |  584.2 |
       Dungeon |   3416 |   3273 |    143 |    284 |   2541 |   5 |  683.2 |
        Temple |     88 |     83 |      5 |      0 |     51 |   1 |   88.0 |
               +--------+--------+--------+--------+--------+-----+--------+

Top non-repeatable levels by time:
     D:2: 1237 daAuts
     D:3: 926 daAuts
     D:1: 811 daAuts
     D:4: 264 daAuts
     D:5: 176 daAuts
  Temple: 88 daAuts
